 Dungeon Crawl Stone Soup version 0.20.0-8-g6b59dc7 (webtiles) character file.

145 GordonOverkill the Chopper (level 5, -1/45 HPs)
             Began as a Tengu Skald on May 31, 2017.
             Slain by a hound (3 damage)
             ... on level 4 of the Dungeon.
             The game lasted 00:06:29 (2557 turns).

GordonOverkill the Chopper (Tengu Skald)            Turns: 2557, Time: 00:06:30

Health: -1/45      AC: 22    Str: 12    XL:     5   Next: 27%
Magic:  9/9        EV:  2    Int: 13    God:
Gold:   102        SH:  0    Dex: 14    Spells: 2/8 levels left

rFire    . . .     SeeInvis .   i - +1 dagger (venom)
rCold    . . .     Gourm    .   (no shield)
rNeg     + + +     Faith    .   (armour currently unavailable)
rPois    +         Spirit   .   (helmet currently unavailable)
rElec    .         Reflect  .   (cloak currently unavailable)
rCorr    .         Harm     .   (gloves currently unavailable)
MR       .....     NoTele   +   (boots unavailable)
Stlth    +.........             (no amulet)
Regen    0.2/turn               (no ring)
MPRegen  0.2/turn               (no ring)

@: lethally poisoned (-1 -> -5), tree-form
A: able to fly 1
a: Fly


You were on level 4 of the Dungeon.
You were not hungry.
You were a tree.
You visited 1 branch of the dungeon, and saw 4 of its levels.

You collected 102 gold pieces.

Inventory:

Hand Weapons
 a - a +0 hand axe
 i - a +1 dagger of venom (weapon)
Armour
 e - a +0 scale mail (melded)
 h - a +0 buckler
Scrolls
 j - 3 scrolls of identify {unknown}
 k - 2 scrolls of remove curse {unknown}
 m - a scroll of fear {unknown}
 n - a scroll of recharging {unknown}
Potions
 b - a potion of lignification
 f - a potion of agility {unknown}
 l - a potion of invisibility {unknown}
 o - a potion of haste {unknown}
Books
 c - a book of Battle

   Spells                             Type                      Level
   a - Infusion                       Charms                       1
   b - Shroud of Golubria             Charms/Translocation         2
   c - Song of Slaying                Charms                       2
   d - Spectral Weapon                Hexes/Charms                 3
   e - Regeneration                   Charms/Necromancy            3
Comestibles
 d - 3 bread rations
 g - a royal jelly
 p - a fruit
 q - a chunk of flesh


   Skills:
 - Level 2.0 Fighting
 + Level 4.6 Axes
 - Level 1.1 Armour
 - Level 2.1 Dodging
 + Level 2.9 Shields
 - Level 2.0 Spellcasting
 - Level 2.4 Charms


You had 2 spell levels left.
You knew the following spells:

 Your Spells              Type           Power        Failure   Level  Hunger
a - Infusion              Chrm           #...         10%         1    ##.....
b - Song of Slaying       Chrm           #.......     14%         2    ###....
c - Regeneration          Chrm/Necr      #.........   43%         3    ####...


Dungeon Overview and Level Annotations

Branches:
Dungeon (4/15)
 Temple: D:4-7

Altars:
Xom


Innate Abilities, Weirdness & Mutations

((You have a beak for a mouth.))
((You have claws for feet.))
You can fly.


Message History

Unknown command.
You hit the worker ant.
The worker ant is moderately wounded.
You feel sick. The hound bites you.
* * * LOW HITPOINT WARNING * * *
The worker ant barely misses you.
Unknown command.
You hit the worker ant but do no damage.
The worker ant is poisoned.
Your kick misses the worker ant.
The worker ant is moderately wounded.
The hound bites you but does no damage. The worker ant bites you.
* * * LOW HITPOINT WARNING * * *
The hound barely misses you.
Unknown command.
It was a potion of lignification.
You turn into a tree.
Your +0 scale mail melds into your body.
Your roots penetrate the ground.
You feel sick. The worker ant bites you.
* * * LOW HITPOINT WARNING * * *
The hound bites you.
You die...

#.
#######...
..[....#
#ha.$# #♣.#
#.....#
......#
..(.......
###...#####
#..## #..#
...#


You could see a hound and a worker ant.

Vanquished Creatures
  Jessica (D:3)
  Natasha (D:3)
  3 adders
  An ooze (D:3)
  A dart slug (D:3)
  A leopard gecko (D:2)
  5 orcs (D:3)
  11 bats
  A giant cockroach (D:3)
  10 goblins
  2 hobgoblins
  3 jackals (D:2)
  5 frilled lizards
  6 kobolds
  9 rats
60 creatures vanquished.

Notes
Turn   | Place    | Note
-------+----------+-------------------------------------------
     0 | D:1      | GordonOverkill the Tengu Skald began the quest for the Orb.
     0 | D:1      | Reached XP level 1. HP: 12/12 MP: 4/4
   251 | D:1      | Reached XP level 2. HP: 15/17 MP: 6/6
   258 | D:1      | Reached skill level 3 in Axes
   597 | D:2      | Reached skill level 1 in Shields
   597 | D:2      | Reached XP level 3. HP: 5/21 MP: 7/7
  1431 | D:2      | Learned a level 2 spell: Song of Slaying
  1435 | D:2      | Learned a level 3 spell: Regeneration
  1900 | D:3      | Noticed Jessica
  1908 | D:3      | Killed Jessica
  1908 | D:3      | Reached skill level 4 in Axes
  1908 | D:3      | Reached XP level 4. HP: 26/26 MP: 8/8
  2171 | D:3      | Found a hide-covered altar of Uskayaw.
  2173 | D:3      | Found a shadowy altar of Dithmenos.
  2173 | D:3      | Found an opulent altar of Gozag.
  2196 | D:3      | Found a burning altar of Makhleb.
  2196 | D:3      | Found a shimmering altar of Xom.
  2196 | D:3      | Found a glowing golden altar of the Shining One.
  2310 | D:3      | Noticed Natasha
  2317 | D:3      | Killed Natasha
  2317 | D:3      | Gained mutation: You can fly. [Tengu growth]
  2317 | D:3      | Reached XP level 5. HP: 21/30 MP: 5/9
  2557 | D:4      | HP: 2/45 [worker ant (4)]
  2557 | D:4      | Slain by a hound

Skill      XL: |  1  2  3 |
---------------+----------+-----
Axes           | 3 4 |  4.6
Shields        | 1 2 |  2.9
Fighting       | |  2.0
Armour         | |  1.1
Dodging        | |  2.1
Spellcasting   | |  2.0
Charms         | |  2.4

Action                   |  1- 3 |  4- 6 || total
-------------------------+-------+-------++-------
Melee: Hand axe          |    27 |       ||    27
       Kick              |    22 |    14 ||    36
       Peck              |     7 |     8 ||    15
       Dagger            |    78 |    55 ||   133
 Cast: Infusion          |     2 |     1 ||     3
  Use: Potion            |     1 |     1 ||     2
  Eat: Chunk             |     3 |     2 ||     5
Armor: Leather armour    |    14 |       ||    14
       Scale mail        |    18 |    21 ||    39
Dodge: Dodged            |    68 |    25 ||    93
